 Dungeon Crawl Stone Soup version 0.16.2-12-gd0ad4c3 (webtiles) character file.

2769 faibistes the Thaumaturge (level 9, -7/72 HPs)
             Began as a Deep Elf Wizard on Mar 16, 2019.
             Was a Priest of Sif Muna.
             Mangled by a gargoyle
             ... wielding a +0 morningstar
              (19 damage)
             ... on level 10 of the Dungeon.
             The game lasted 00:23:56 (9080 turns).

faibistes the Thaumaturge (Deep Elf Wizard)         Turns: 9080, Time: 00:23:57

Health: -7/72      AC:  3    Str:  9    XL:     9   Next: 42%
Magic:  20/29      EV: 15    Int: 27    God:    Sif Muna [***...]
Gold:   453        SH:  0    Dex: 13    Spells: 6 memorised, 14 levels left

rFire  + . .     SeeInvis .     f - +0 dagger
rCold  . . .     Clarity  .     a - +0 robe
rNeg   . . .     SustAb   .     (no shield)
rPois  .         Gourm    .     g - +0 hat of Ujeuduw {rF+}
rElec  .         Spirit   .     v - +0 cloak
rCorr  .         Warding  .     (no gloves)
rMut   .         Stasis   .     (no boots)
MR     .....                    (no amulet)
Stlth  ..........               r - ring of wizardry
                                (no ring)

@: berserking (expiring), repel missiles, very quick, not resistant to hostile
enchantments, extremely unstealthy
A: no striking features
a: Channel Energy, Forget Spell, Renounce Religion


You were on level 10 of the Dungeon.
You worshipped Sif Muna.
Sif Muna was most pleased with you.
You were not hungry.

You visited 2 branches of the dungeon, and saw 11 of its levels.

You collected 453 gold pieces.

Inventory:

Hand weapons
 f - a +0 dagger (weapon)
Armour
 a - a +0 robe (worn)
 g - the +0 hat of Ujeuduw (worn) {rF+}
   (You found it on level 11 of the Dungeon)

   It protects you from fire.
 v - a +0 cloak (worn)
Jewellery
 r - a ring of wizardry (right hand)
Magical devices
 y - a wand of teleportation (4)
 D - a wand of paralysis (12)
Scrolls
 h - 2 scrolls of teleportation
 i - a scroll of fog
 n - 2 scrolls of remove curse
 o - 2 scrolls of recharging
 p - a scroll of enchant weapon {unknown}
 s - 2 scrolls of enchant armour
 t - a scroll of fear
 w - 2 scrolls of blinking
 x - 2 scrolls of immolation
Potions
 e - 3 potions of lignification
 j - a potion of brilliance
 k - 4 potions of curing
 l - 3 potions of restore abilities
 q - a potion of flight {unknown}
 C - a potion of cancellation {unknown}
 E - a potion of agility {unknown}
Books
 c - a book of Minor Magic

   Spells                             Type                      Level
   a - Magic Dart                     Conjuration                  1
   b - Blink                          Translocation                2
   c - Call Imp                       Summoning                    2
   d - Repel Missiles                 Charms/Air                   2
   e - Slow                           Hexes                        2
   f - Conjure Flame                  Conjuration/Fire             3
   g - Mephitic Cloud                 Conjuration/Poison/Air       3
Comestibles
 b - 4 chunks of flesh
 d - 3 bread rations
 m - 5 meat rations
 z - 2 fruits
 B - 2 beef jerkies


   Skills:
 + Level 2.0 Fighting
 + Level 6.3 Dodging
 - Level 2.4 Stealth
 * Level 9.5 Spellcasting
 + Level 6.0 Conjurations
 + Level 2.3 Charms
 - Level 1.1 Summonings
 + Level 2.2 Translocations
 * Level 5.3 Fire Magic
 - Level 4.0 Air Magic
 - Level 3.1 Poison Magic
 * Level 1.5 Invocations
 + Level 0.5 Evocations


You had 14 spell levels left.
You knew the following spells:

 Your Spells              Type           Power        Failure   Level  Hunger
a - Magic Dart            Conj           ####         1%          1    None
b - Conjure Flame         Conj/Fire      #####...     1%          3    None
c - Call Imp              Summ           ###.....     1%          2    None
d - Blink                 Tloc           N/A          1%          2    None
e - Mephitic Cloud        Conj/Pois/Air  #####...     1%          3    None
f - Repel Missiles        Chrm/Air       ####..       1%          2    None


Dungeon Overview and Level Annotations

Branches:
Dungeon (11/15)            Temple (1/1) D:6
   Lair: D:8-11         Orc: D:9-12

Altars:
Ashenzari
Cheibriados
Dithmenos
Elyvilon
Fedhas
Gozag
Kikubaaqudgha
Makhleb
Nemelex Xobeh
Okawaru
Qazlal
Ru
Sif Muna
Trog
Vehumet
Xom
Yredelemnul
Zin
The Shining One

Shops:
D:10 [


Message History

The gargoyle barely misses you.
Casting: Magic Dart
Confirm with . or Enter, or press ? or * to list all spells.
You blink.
Read which item? (? for menu, Esc to quit)
Okay, then.
Drink which item? (? for menu, Esc to quit)
A red film seems to cover your vision as you go berserk!
You feel yourself moving faster!
You feel mighty!
You feel a strong urge to attack something.
You hit the gargoyle but do no damage.
The gargoyle is moderately damaged.
You hit the gargoyle but do no damage.
The gargoyle is moderately damaged.
The gargoyle hits you with a morningstar!!
* * * LOW HITPOINT WARNING * * *
You barely miss the gargoyle.
The gargoyle is moderately damaged.
The gargoyle hits you with a morningstar!!
You die...

#...# #^..#
#...# #...#
###...##+##..
#............
#......#####.
##......#
#.@9....#
#....?ยง.#
#######.# .#
.. ... ... .


You could see a gargoyle.

Vanquished Creatures
  A deep elf mage (D:7)
  A hippogriff (D:7)
  2 sky beasts (D:5)
  A phantom (D:5)
  5 ogres
  An orc warrior (D:7)
  3 ice beasts
  3 centaurs
  Sigmund (D:2)
  3 giant frogs
  2 wyvern zombies
  A quasit (D:6)
  4 crimson imps
  2 goliath beetles (D:7)
  An orc priest (D:7)
  A jelly (D:8)
  Crazy Yiuf (D:7)
  A giant frog skeleton (D:7)
  2 hounds
  3 iguanas
  2 orc wizards
  Terence (D:2)
  11 adders
  2 giant mites
  2 shadow imps
  3 worms
  An adder zombie (D:6)
  An adder skeleton (D:5)
  7 giant geckos
  9 orcs
  3 ball pythons
  13 bats
  A bat skeleton (D:5)
  A bat zombie (D:6)
  3 giant cockroaches
  10 hobgoblins
  2 quokkas
  7 giant newts
  14 goblins
  9 kobolds
  11 rats
152 creatures vanquished.

Vanquished Creatures (collateral kills)
  A giant frog (D:6)
  An orc (D:5)
  A bat zombie (D:6)
  A kobold (D:5)
4 creatures vanquished.

Grand Total: 156 creatures vanquished

Notes
Turn   | Place    | Note
--------------------------------------------------------------
     0 | D:1      | faibistes, the Deep Elf Wizard, began the quest for the Orb.
     0 | D:1      | Reached XP level 1. HP: 10/10 MP: 6/6
   536 | D:2      | Reached XP level 2. HP: 15/15 MP: 7/10
   540 | D:2      | Learned a level 2 spell: Blink
   543 | D:2      | Learned a level 2 spell: Call Imp
   605 | D:2      | Reached skill level 5 in Spellcasting
   690 | D:2      | Noticed Terence
  1371 | D:1      | Reached XP level 3. HP: 19/19 MP: 11/14
  1376 | D:1      | Learned a level 3 spell: Conjure Flame
  1380 | D:1      | Learned a level 3 spell: Mephitic Cloud
  1706 | D:2      | Noticed Sigmund
  1706 | D:2      | Killed Terence
  1745 | D:2      | Killed Sigmund
  1745 | D:2      | Reached skill level 6 in Spellcasting
  1745 | D:2      | Reached XP level 4. HP: 24/24 MP: 1/18
  1750 | D:2      | Learned a level 2 spell: Repel Missiles
  2279 | D:2      | Reached XP level 5. HP: 28/28 MP: 11/20
  3417 | D:5      | Entered Level 5 of the Dungeon
  3585 | D:5      | Noticed a centaur
  3596 | D:5      | Killed a centaur
  3596 | D:5      | Reached skill level 1 in Fighting
  3596 | D:5      | Reached XP level 6. HP: 32/34 MP: 8/22
  3936 | D:4      | Noticed a centaur
  3942 | D:4      | Killed a centaur
  4032 | D:4      | Found an opulent altar of Gozag.
  4035 | D:4      | Found an iron altar of Okawaru.
  4036 | D:4      | Found a shadowy altar of Dithmenos.
  4036 | D:4      | Found a white marble altar of Elyvilon.
  4037 | D:4      | Found a deep blue altar of Sif Muna.
  4038 | D:4      | Found a burning altar of Makhleb.
  4041 | D:4      | Became a worshipper of Sif Muna the Loreminder
  4045 | D:4      | Found a sacrificial altar of Ru.
  4193 | D:4      | Reached skill level 7 in Spellcasting
  4315 | D:4      | Noticed an ogre
  4323 | D:4      | Killed an ogre
  4323 | D:4      | Reached skill level 1 in Fire Magic
  4323 | D:4      | Reached skill level 1 in Air Magic
  4323 | D:4      | Reached XP level 7. HP: 38/38 MP: 14/25
  4511 | D:5      | Noticed an ice beast
  4521 | D:5      | Killed an ice beast
  4521 | D:5      | Reached skill level 5 in Dodging
  4534 | D:5      | Reached skill level 1 in Poison Magic
  4835 | D:5      | Noticed a phantom
  4877 | D:5      | Acquired Sif Muna's first power
  4958 | D:5      | Killed a phantom
  5008 | D:5      | Noticed a sky beast
  5015 | D:5      | Killed a sky beast
  5015 | D:5      | Reached XP level 8. HP: 28/43 MP: 8/27
  5140 | D:5      | Noticed an ogre
  5147 | D:5      | Reached skill level 8 in Spellcasting
  5181 | D:5      | Killed an ogre
  5396 | D:6      | Found a staircase to the Ecumenical Temple.
  5657 | Temple   | Entered the Ecumenical Temple
  5998 | D:5      | Reached skill level 5 in Conjurations
  6155 | D:5      | Noticed a sky beast
  6166 | D:5      | Killed a sky beast
  6253 | D:7      | Acquired Sif Muna's second power
  6584 | D:7      | Reached skill level 9 in Spellcasting
  6676 | D:6      | Reached XP level 9. HP: 45/48 MP: 21/29
  6734 | D:7      | Found a stormy altar of Qazlal.
  7076 | D:6      | Reached skill level 1 in Charms
  7207 | D:6      | Reached skill level 1 in Invocations
  7953 | D:7      | Reached skill level 5 in Fire Magic
  8240 | D:7      | Noticed Crazy Yiuf
  8254 | D:7      | Killed Crazy Yiuf
  8741 | D:8      | You fall through a shaft for 3 floors!
  8776 | D:11     | Got a brightly glowing hat
  8786 | D:10     | Entered Level 10 of the Dungeon
  8809 | D:10     | Identified the +0 hat of Ujeuduw {rF+} (You found it on level 11 of the Dungeon)
  8882 | D:10     | Found Majeelis' Antique Armour Boutique.
  9064 | D:10     | Noticed a gargoyle
  9080 | D:10     | Mangled by a gargoyle

Action                   |  1- 3 |  4- 6 |  7- 9 || total
-------------------------+-------+-------+-------++-------
Melee: Dagger            |     2 |     2 |    28 ||    32
 Cast: Magic Dart        |    63 |   101 |   288 ||   452
       Mephitic Cloud    |     3 |     6 |    17 ||    26
       Conjure Flame     |     2 |     3 |    35 ||    40
       Repel Missiles    |       |     1 |     2 ||     3
       Blink             |       |       |     5 ||     5
       Call Imp          |       |       |     5 ||     5
  Use: Scroll            |     1 |     6 |    14 ||    21
       Potion            |       |       |     1 ||     1
  Eat: Chunk             |     2 |     8 |    15 ||    25
